 Dungeon Crawl Stone Soup version 0.17-a0-464-g85d6e2c (webtiles) character file.

19923573 Yermak the Ninja (level 27, 192/233 HPs)
             Began as a Centaur Assassin on Apr 4, 2015.
             Was a High Priest of Trog.
             Escaped with the Orb
             ... and 15 runes on Apr 5, 2015!
             The game lasted 12:16:11 (76264 turns).

Yermak the Ninja (Centaur Assassin)                Turns: 76264, Time: 12:16:11

Health: 192/233    AC: 52    Str: 26      XL:     27
Magic:  28/28      EV: 23    Int: 13 (15) God:    Trog [*****.]
Gold:   1867       SH: 27    Dex: 26 (27) Spells: 0 memorised, 26 levels left

rFire  + + .     SeeInvis .     b - +4 arc blade {discharge, rElec}
rCold  + . .     Clarity  +     g - +8 fire dragon armour
rNeg   + . .     SustAb   .     K - +5 large shield {AC+3}
rPois  .         Gourm    +     w - +2 helmet {Int+3}
rElec  +         Spirit   .     U - +4 cloak of Tiowen {Stlth+}
rCorr  .         Warding  .     o - +2 pair of gloves {Dex+3}
rMut   .         Stasis   .     W - +4 centaur barding {rC+}
MR     ++...                    n - amulet "Cuaku" {Gourm rN+ Str+6 Slay+3}
Stlth  ++........               y - +6 ring of slaying {=R}
                                k - ring of Wucrec {+cTele rC+ Int+4}

@: drained, very quick, very resistant to hostile enchantments, unstealthy
A: hooves 3, icy blue scales 1, slimy green scales 1, thin metallic scales 1,
clarity, deformed body, deterioration 1, speed 2, low mp 1, spit poison 2,
strong 2, tough skin 3, evolution 1
a: Spit Poison, Burn Spellbooks, Berserk, Trog's Hand, Brothers in Arms,
Renounce Religion, Evoke Teleport Control
0: Orb of Zot
}: 15/15 runes: decaying, slimy, silver, golden, iron, obsidian, icy, bone,
abyssal, demonic, glowing, magical, fiery, dark, gossamer


You escaped.
You worshipped Trog.
Trog was extremely pleased with you.
You were not hungry.

You visited 18 branches of the dungeon, and saw 97 of its levels.
You visited Pandemonium 2 times, and saw 27 of its levels.
You visited the Abyss 3 times.
You visited 1 bazaar.
You visited 2 ziggurats, and saw 18 of their levels (deepest: 10).
You also visited: Sewer and Ice Cave.

You collected 10021 gold pieces.
You spent 6018 gold pieces at shops.

Inventory:

Hand weapons
 a - the +8 autumn katana {slice, Clar}
   (You took it off a minotaur on level 1 of the Depths)

   It inflicts extra damage upon your enemies.
   It protects you against confusion.
 b - the +4 arc blade (weapon) {discharge, rElec}
   (You found it on level 6 of a ziggurat)

   It insulates you from electricity.
 d - a +9 antimagic quick blade {god gift}
 q - a +9 blowgun
 s - the +6 short sword of Niuneapt {pierce, Dex+3 SInv}
   (You found it on level 2 of a ziggurat)

   It inflicts extra damage upon your enemies.
   It affects your dexterity (+3).
   It enhances your eyesight.
 t - a +9 eudemon blade of holy wrath
Missiles
 m - 19 needles of confusion
 P - 12 needles of paralysis
 R - 29 curare-tipped needles
 Y - 35 javelins of penetration (quivered)
 Z - 6 throwing nets
Armour
 g - a +8 fire dragon armour (worn)
 o - a +2 pair of gloves of dexterity (worn)
 w - a +2 helmet of intelligence (worn)
 K - a +5 large shield of protection (worn)
 U - the +4 cloak of Tiowen (worn) {Stlth+}
   (You acquired it on level 5 of the Realm of Zot)

   It makes you more stealthy.
 W - a +4 centaur barding of cold resistance (worn)
Jewellery
 e - a +6 ring of evasion
 f - the ring of Zouzuil {rF+ MR+ Slay+2 Stlth+}
   (You took it off Dispater on level 7 of the Iron City of Dis)

   [ring of slaying]

   It affects your accuracy and damage with ranged weapons and melee attacks
   (+2).
   It protects you from fire.
   It affects your resistance to hostile enchantments.
   It makes you more stealthy.
 i - the ring "Plog" {+Inv rC+ Int+4 Stlth-}
   (You bought it in a shop on level 1 of the Orcish Mines)

   [ring of invisibility]

   It affects your intelligence (+4).
   It protects you from cold.
   It lets you turn invisible.
   It makes you less stealthy.
 k - the ring of Wucrec (left hand) {+cTele rC+ Int+4}
   (You found it on level 7 of a ziggurat)

   [ring of teleport control]

   It can be evoked for teleport control.
   It affects your intelligence (+4).
   It protects you from cold.
 n - the amulet "Cuaku" (around neck) {Gourm rN+ Str+6 Slay+3}
   (You found it on level 6 of a ziggurat)

   [amulet of the gourmand]

   It allows you to eat raw meat even when not hungry.
   It affects your strength (+6).
   It affects your accuracy and damage with ranged weapons and melee attacks
   (+3).
   It protects you from negative energy.
 r - an uncursed amulet of regeneration
 y - a +6 ring of slaying (right hand) {=R}
Magical devices
 h - a wand of heal wounds (4)
 B - a wand of digging (13)
 G - a wand of teleportation (4)
 L - a wand of hasting (0)
 M - a wand of disintegration (4)
Scrolls
 j - 18 scrolls of fog
 z - 14 scrolls of teleportation
 F - 8 scrolls of holy word
 J - 4 scrolls of recharging
 O - 2 scrolls of summoning
 T - 2 scrolls of blinking
 V - 2 scrolls of identify
 X - 9 scrolls of remove curse
Potions
 c - 4 potions of haste
 l - a potion of invisibility
 v - 2 potions of cancellation
 A - 6 potions of curing
 D - 4 potions of might
 I - 8 potions of restore abilities
 N - a potion of resistance
 S - 3 potions of agility
Miscellaneous
 p - a legendary deck of wonders {the Alchemist}
 u - the horn of Geryon
 x - a sack of spiders {used: 3}
 H - a fan of gales
Comestibles
 Q - 26 bread rations


   Skills:
 - Level 16.4(15.9) Fighting
 - Level 18.0(17.4) Short Blades
 - Level 17.9(17.4) Throwing
 + Level 15.5(15.0) Armour
 + Level 18.6(18.1) Dodging
 O Level 27(26.3) Stealth
 - Level 15.0(14.4) Shields
 - Level 11.0(10.6) Evocations


You had 26 spell levels left.
You didn't know any spells.

Dungeon Overview and Level Annotations

Branches:
Dungeon (15/15)            Temple (1/1) D:7            Lair (8/8) D:8
  Swamp (5/5) Lair:5       Spider (5/5) Lair:4        Slime (6/6) Lair:8
    Orc (4/4) D:12            Elf (3/3) Orc:4        Vaults (5/5) D:13
  Crypt (3/3) Vaults:3       Tomb (3/3) Crypt:3      Depths (5/5) D:15
   Hell (1/1)                 Dis (7/7) Hell            Geh (7/7) Hell
    Coc (7/7) Hell            Tar (7/7) Hell            Zot (5/5) Depths:5

Altars:
Ashenzari
Cheibriados
Dithmenos
Elyvilon
Fedhas
Gozag
Kikubaaqudgha
Makhleb
Nemelex Xobeh
Okawaru
Qazlal
Ru
Sif Muna
Trog
Vehumet
Xom
Yredelemnul
Zin
The Shining One
Beogh
Jiyva

Shops:
D:7 ?   Orc:1 =   Orc:4 (([}*:   Elf:2 [![%   Vaults:1 [   Vaults:3 !
Depths:4 [

Portals:
Hell: Depths:1 Depths:2 Depths:3 Depths:4
Abyss: Depths:3 Depths:4
Pandemonium: Depths:1 Depths:2 Depths:3

Annotations:
D:7 Joseph
Coc:7 exclusion: 2 ice statues, Antaeus
Abyss:1 Arachne


Innate Abilities, Weirdness & Mutations

You have hooves in place of feet.
Armour fits poorly on your strangely shaped body.
You cover ground very quickly.
You have extremely tough skin (AC +3).
You are partially covered in icy blue scales (AC +1).
You are partially covered in slimy green scales (AC +2).
You are partially covered in thin metallic scales (AC +2).
You possess an exceptional clarity of mind.
Your body is slowly deteriorating.
Your magical capacity is low (-10% MP).
You can spit poison.
Your muscles are very strong. (Str +4)
You evolve.


Message History

Unknown command.
(D) Dungeon (T) Temple (L) Lair (S) Swamp (N) Spider Nest (M) Slime Pits (O) Orcish Mines (E) Elven Halls (V) Vaults (C) Crypt (W) Tomb (U) Depths (H) Hell (I) Dis (G) Gehenna (X) Cocytus (Y) Tartarus (Z) Zot
Where to? (* - list waypoints, Enter - D:1, ? - help)
You see here a leather armour.
There is a stone staircase leading up here.
You climb upwards.
You sense a powerful magical force warping space.
There is a stone staircase leading down here.
There is a stone staircase leading up here.
You climb upwards.
You sense a powerful magical force warping space.
There is a stone staircase leading down here.
You feel dopey.
There is an open door here.
There is a staircase leading out of the dungeon here.
You have escaped!

#############
#...#.......###
#.#...#####.#.##
#.#.#.#.P.#.#..##
#.#.###.#.#.#...# ##
#.#.#.#.#.#.#...# ##.##
#.#.#.#.#.#.#...# #...#
##'.#.#.#.#....# #...#
#####@..#.#.#.###.#### #...#
#..####)#...#.'.#.....
#...###..##.#.###'#.#.##....
#...##...##.#.....#.#.#...#.
##..#..#.##.#.###.#.#.#.###.
#....##.##.#.#...#.#.## ##
#.....#.##.#.#.#####.######
#.#...#.##...#.......#.....
#.#...#.###################


There were no monsters in sight!

Vanquished Creatures
  Cerebov (Pan)
  Asmodeus (Geh:7)
  the Serpent of Hell (Geh:7)
  the royal jelly (Slime:6)
  Ereshkigal (Tar:7)
  Gloorx Vloq (Pan)
  A seraph (Zot:3)
  Mnoleg (Pan)
  3 ancient liches
  Lom Lobon (Pan)
  Dispater (Dis:7)
  Khufu (Crypt:1)
  6 orbs of fire (Zot:5)
  Mennas (Crypt:2)
  3 pandemonium lords (Pan)
  13 greater mummies
  Boris (Vaults:5)
  3 shard shrikes (Coc:7)
  Frederick (Crypt:3)
  the Lernaean hydra (Swamp:5)
  Margery (Crypt:1)
  2 caustic shrikes
  A curse toe (Zot:5)
  4 Killer Klowns
  Geryon (Hell)
  5 golden dragons
  Nikola (Elf:1)
  Jory (Vaults:3)
  6 bone dragons
  15 liches
  2 electric golems (Zot:5)
  9 Brimstone Fiends
  The ghost of asdu the Impaler, a mighty MfSk of Okawaru (Vaults:4)
  8 Hell Sentinels
  7 tentacled monstrosities
  23 Orb Guardians (Zot:5)
  7 Shadow Fiends
  2 Ice Fiends (Dis:7)
  4 titans
  3 deep elf blademasters
  2 deep elf master archers (Elf:3)
  The ghost of WhatIsLove the Thaumaturge, a mighty DrWr of Vehumet (Hell)
  Murray (Hell)
  10 Executioners (Pan)
  17 acid blobs
  A sphinx (shapeshifter) (Depths:3)
  3 ancient champions
  4 tentacled starspawn
  An eldritch tentacle (Crypt:2)
  An octopode crusher (Depths:3)
  Agnes (Elf:1)
  15 sphinxes
  Frances (D:13)
  Kirke (D:13)
  A shadow dragon (shapeshifter) (Zig:6)
  6 thorn hunters
  7 shadow dragons
  7 revenants
  11 tengu reavers
  Roxanne (Elf:3)
  2 storm dragons
  6 azure jellies
  A daeva (Abyss:1)
  8 ghost moths
  17 frost giants
  12 deep elf sorcerers
  Donald (Vaults:1)
  Maud (Lair:5)
  2 draconian knights (Zot:5)
  2 draconian scorchers
  5 orc warlords
  26 balrugs
  15 fire giants
  Aizul (Vaults:1)
  5 iron dragons
  Louise (Swamp:3)
  2 draconian zealots
  7 curse skulls
  17 vault wardens
  A frost giant (shapeshifter) (Zig:6)
  17 ironheart preservers
  6 emperor scorpions
  14 ghouls
  7 cacodemons (Pan)
  4 angels
  A war gargoyle (Vaults:5)
  25 reapers
  4 draconian annihilators
  3 draconian shifters
  A stone giant (shapeshifter) (Depths:3)
  3 vampire knights
  2 spriggan defenders
  17 stone giants
  4 green draconians
  16 very ugly things
  11 deep elf demonologists
  4 black draconians
  A dire elephant (Zig:4)
  6 salamander firebrands
  3 blood saints (Pan)
  2 white draconians
  A yellow draconian (Zot:5)
  6 bennus
  3 corrupters (Pan)
  2 black suns (Pan)
  The ghost of Ladykiller69 the Cleaver, a powerful FoFi of Cheibriados (D:12)
  12 deep elf annihilators
  2 mottled draconians
  A lorocyproca (Hell)
  4 red draconians
  15 ettins
  5 blizzard demons
  9 eidola
  A minotaur (Depths:1)
  Snorg (Orc:1)
  A merfolk javelineer (Depths:3)
  2 green deaths (Pan)
  10 crystal guardians (Elf:3)
  12 jiangshi
  A merfolk impaler (Depths:3)
  A quicksilver dragon zombie (Crypt:3)
  14 deep elf death magi
  10 fire dragons
  8 deep elf high priests
  2 death cobs (Zot:5)
  24 mummy priests
  31 vault guards
  14 yaktaur captains
  A minotaur (shapeshifter) (Vaults:2)
  An entropy weaver (Zig:7)
  2 death oozes (Slime:6)
  8 rakshasas
  13 great orbs of eyes
  2 quicksilver dragon skeletons
  4 ghost crabs
  19 ice dragons
  4 spriggan air magi
  A monstrous demonspawn (Pan)
  A ghost crab (shapeshifter) (Vaults:5)
  22 hydras
  Erolcha (D:12)
  3 hell beasts
  A catoblepas (Lair:8)
  3 death knights
  11 centaur warriors
  6 alligators
  14 ogre magi
  4 salamander stormcallers
  16 dancing weapons (Elf:2)
  12 death yaks
  6 deep troll shamans
  4 spriggan berserkers
  5 tengu warriors
  6 deep troll earth magi
  3 vampire magi
  6 thrashing horrors
  10 orc high priests
  8 titan zombies
  A naga sharpshooter (Zig:2)
  16 hell hogs
  Sonja (D:12)
  A storm dragon zombie (Tar:4)
  2 iron golems
  4 salamander mystics (Depths:3)
  20 deep elf knights
  5 titan skeletons
  34 hell knights
  29 soul eaters
  5 wretched stars
  A fire crab (Lair:8)
  4 unseen horrors
  23 sun demons
  4 iron trolls
  A death drake (Zig:8)
  9 gelid demonspawn (Pan)
  5 shadow wraiths
  42 skeletal warriors
  A spatial maelstrom (Abyss:2)
  4 storm dragon skeletons
  20 deep trolls
  36 death scarabs
  A ghost moth zombie (Crypt:3)
  A swamp dragon (shapeshifter) (Vaults:2)
  5 giant orange brains
  An infernal demonspawn (Pan)
  5 shadow demons
  15 phantasmal warriors
  20 ironbrand convokers
  16 swamp dragons
  6 ice statues
  9 deep elf summoners
  3 shambling mangroves
  A spectral wolf spider (Crypt:3)
  11 ice devils
  3 anaconda zombies
  An obsidian statue (Zot:3)
  11 flayed ghosts
  3 putrid demonspawn
  Pikel (D:5)
  15 wolf spider zombies
  2 golden dragon skeletons
  5 wizards
  18 deep elf conjurers
  4 anaconda skeletons
  4 fire giant zombies
  4 torturous demonspawn
  21 anubis guards
  A sphinx zombie (Vaults:5)
  4 iron dragon zombies
  3 hill giants
  36 necromancers
  30 orb spiders
  2 mana vipers
  58 ugly things
  3 shadow dragon skeletons
  19 orc knights
  A salamander (shapeshifter) (Zig:7)
  A sphinx skeleton (Depths:2)
  2 tengu skeletons
  33 wolf spiders
  10 hornets
  9 human zombies
  2 moths of wrath (shapeshifter)
  10 stone giant zombies
  10 worldbinders
  15 sixfirhies
  A hornet (shapeshifter) (Vaults:5)
  10 elephants
  5 frost giant zombies
  5 iron dragon skeletons
  An elephant (shapeshifter) (Vaults:5)
  7 black mambas
  6 griffons
  2 fire giant skeletons
  10 orc sorcerers
  A dire elephant zombie (Geh:2)
  5 frost giant skeletons
  2 stone giant skeletons
  A salamander zombie (Hell)
  5 small abominations
  A guardian serpent (shapeshifter) (Vaults:5)
  3 manticores
  20 smoke demons
  13 salamanders
  15 vault sentinels
  2 guardian serpents
  3 apocalypse crabs
  4 cyclopes
  An elf zombie (Crypt:3)
  5 moths of wrath
  A gargoyle (D:13)
  5 spriggan zombies
  8 molten gargoyles
  18 spiny frogs
  Psyche (D:9)
  5 torpor snails
  10 rust devils
  A spiny frog (shapeshifter) (Vaults:5)
  A red draconian zombie (Crypt:1)
  4 dire elephant skeletons
  2 shock serpent zombies
  30 hellions
  18 orange demons
  4 kobold demonologists
  70 yaktaurs
  9 tormentors
  2 eyes of devastation
  3 emperor scorpion zombies
  A grey draconian zombie (Crypt:1)
  A fire drake (Lair:7)
  8 demonic crawlers
  11 komodo dragons
  8 tengu conjurers
  A queen bee (Depths:3)
  12 efreet
  A silent spectre (Tar:4)
  A catoblepas skeleton (Crypt:3)
  A human skeleton (Vaults:4)
  A death yak skeleton (Crypt:1)
  47 jumping spiders
  A tengu simulacrum (Vaults:4)
  3 wind drakes (Depths:2)
  28 red devils
  28 freezing wraiths
  A minotaur zombie (Tar:7)
  19 deep elf priests
  27 guardian mummies
  A polar bear (Lair:5)
  3 burning bushes (Zot:3)
  30 hellwings
  A merfolk (shapeshifter) (Vaults:4)
  2 polar bears (shapeshifter)
  6 raiju
  8 giant leeches
  9 blue devils
  A troll (shapeshifter) (D:14)
  3 fire vortices (Depths:2)
  21 two-headed ogres
  A harpy zombie (Crypt:3)
  2 baby alligators (Swamp:4)
  2 hydra zombies
  10 trolls
  A wolf spider simulacrum (Tar:5)
  A raiju (shapeshifter) (Depths:1)
  An alligator zombie (Hell)
  A queen bee (shapeshifter) (Vaults:5)
  A two-headed ogre (shapeshifter) (D:13)
  12 blink frogs
  A deep troll zombie (D:15)
  6 harpy skeletons
  5 jumping spider zombies (Spider:1)
  29 trapdoor spiders
  A trapdoor spider zombie (D:12)
  21 ravens
  A stone giant simulacrum (Vaults:3)
  An ice dragon zombie (Crypt:3)
  4 hydra skeletons (Hell)
  69 slime creatures
  12 ushabtiu
  16 boulder beetles
  3 ettin zombies
  6 bog bodies
  29 shadows
  7 tarantella zombies (Spider:4)
  42 flying skulls
  A frost giant simulacrum (Tomb:3)
  7 ynoxinuls
  4 fire dragon skeletons
  18 wraiths
  2 wyverns
  6 spriggans
  Sigmund (Lair:3)
  4 ettin skeletons
  2 humans (shapeshifter) (Vaults:4)
  An ice dragon skeleton (Geh:6)
  70 redbacks
  A hill giant zombie (Crypt:2)
  23 tarantellas
  A wyvern (shapeshifter) (Depths:3)
  6 hungry ghosts
  2 alligator skeletons
  A black mamba zombie (Crypt:3)
  An elf simulacrum (Zig:8)
  5 basilisks
  7 air elementals
  7 humans
  11 water elementals
  A tarantella (shapeshifter) (Depths:3)
  14 neqoxecs
  33 deep elf magi
  3 fire bats
  11 vampires
  A hog (shapeshifter) (Depths:4)
  A hog (D:7)
  45 yaks
  Grum (D:9)
  16 large abominations
  13 hippogriffs
  23 fire elementals
  5 spatial vortices
  7 chaos spawn
  16 wolves
  28 vampire mosquitoes
  5 golden eyes (Slime:6)
  A steam dragon (Lair:6)
  3 mottled dragons
  16 wargs
  2 tengu zombies
  34 deep elf fighters
  6 porcupines
  12 water moccasins
  16 hell hounds
  A water moccasin (shapeshifter) (Depths:1)
  28 swamp worms
  6 spiny frog zombies
  A naga (D:11)
  A sky beast (D:12)
  9 ice beasts
  8 raven skeletons (Crypt:3)
  A faun skeleton (Crypt:2)
  51 orc warriors
  A spiny frog skeleton (Crypt:3)
  2 snapping turtle zombies
  6 eyes of draining
  4 phantoms
  31 spiders
  5 black bears
  16 swamp drakes
  13 necrophages
  8 wasps
  58 ogres
  A black bear (shapeshifter) (Abyss:2)
  5 boggarts
  A black mamba simulacrum (Tomb:3)
  An alligator simulacrum (IceCv)
  A crocodile (shapeshifter) (Vaults:5)
  2 lost souls
  14 crocodiles
  3 boring beetles
  7 big kobolds
  A snapping turtle skeleton (Crypt:3)
  A brain worm (Lair:5)
  17 centaurs
  A glowing shapeshifter simulacrum (Depths:4)
  5 earth elementals
  18 giant frogs
  A wyvern zombie (D:12)
  An elf skeleton (Geh:1)
  4 spider zombies (Spider:4)
  A wyvern skeleton (D:10)
  3 scorpions
  25 wights
  41 killer bees
  2 goliath beetles
  9 crimson imps
  3 centaur zombies
  2 draconian simulacra (IceCv)
  3 giant frog zombies
  12 iron imps
  10 iguanas
  12 jellies
  6 quasits
  32 orc priests
  13 hounds
  5 centaur skeletons
  10 worker ants
  5 giant frog skeletons
  A porcupine zombie (Crypt:2)
  36 orc wizards
  3 polar bear simulacra
  8 hell rats
  A spriggan simulacrum (IceCv)
  2 lightning spires (Zot:3)
  3 wolf simulacra
  4 yak simulacra (Lair:2)
  14 sheep
  3 troll simulacra (IceCv)
  A naga zombie (Crypt:2)
  A dwarf skeleton (Crypt:2)
  6 centaur simulacra (IceCv)
  2 hound zombies
  3 hound skeletons
  48 mummies
  A worker ant zombie (D:10)
  2 gnolls
  26 river rats
  24 adders
  4 naga simulacra (IceCv)
  4 ogre simulacra (IceCv)
  6 shadow imps
  5 worms
  3 removed MONS_GIANT_MITEs
  13 white imps
  3 ufetubi
  An adder zombie (D:8)
  An iguana zombie (Crypt:1)
  An adder skeleton (D:9)
  10 giant geckos
  3 oozes (D:4)
  226 orcs
  3 ball pythons
  14 bats
  2 bat skeletons
  10 giant cockroaches
  37 goblins
  24 hobgoblins
  12 jackals
  10 quokkas
  A giant gecko skeleton (Crypt:2)
  8 giant newts
  2 giant spores
  A kobold (shapeshifter) (Vaults:5)
  25 kobolds
  2 kobold skeletons
  4 orc zombies
  A quokka zombie (D:5)
  17 rats
  4 river rat simulacra (Lair:2)
  4 ballistomycetes
  A crawling corpse (Elf:1)
  3 plants
  4 starspawn tentacles
4184 creatures vanquished.

Vanquished Creatures (collateral kills)
  An orb of fire (Zot:5)
  2 Killer Klowns (Zot:5)
  A tentacled monstrosity (Zot:2)
  An Orb Guardian (Zot:5)
  A red draconian (Zot:3)
  A green draconian (Zot:2)
  A fire dragon (Zot:4)
  A death ooze (Slime:6)
  An ice dragon (Zot:5)
  A phantasmal warrior (Crypt:3)
  A shining eye (Slime:3)
  A vault sentinel (Vaults:4)
  An orange demon (Pan)
  A freezing wraith (Coc:7)
  A slime creature (Slime:6)
  A wraith (Crypt:3)
  A butterfly (Vaults:4)
18 creatures vanquished.

Vanquished Creatures (others)
  A pandemonium lord (Pan)
  An eldritch tentacle (Tar:7)
  A storm dragon (Zot:5)
  2 fire giants
  A draconian scorcher (Zot:5)
  A vault warden (Vaults:4)
  A green draconian (Zot:5)
  A draconian shifter (Zot:2)
  A blood saint (Pan)
  A death ooze (Slime:6)
  A yaktaur captain (Vaults:4)
  2 ice dragons
  An alligator (Swamp:3)
  A soul eater (Tomb:2)
  A sun demon (Geh:7)
  A deep elf knight (Elf:2)
  6 death scarabs (Tomb:3)
  3 ball lightnings (Pan)
  A hill giant (Spider:4)
  An anaconda zombie (Geh:6)
  A giant orange brain (Pan)
  A torturous demonspawn (Zot:2)
  2 wolf spider zombies (Spider:4)
  A necromancer (Geh:6)
  A smoke demon (Pan)
  3 moths of wrath
  A shock serpent zombie (Coc:7)
  2 vault sentinels (Vaults:4)
  A spiny frog (Swamp:3)
  2 yaktaurs
  A freezing wraith (Coc:7)
  A guardian mummy (Tomb:2)
  A tormentor (Coc:7)
  A jumping spider (Spider:2)
  A tengu conjurer (D:13)
  2 hellwings (Pan)
  A fire drake (Zig:8)
  A blue devil (Coc:7)
  A fire elemental (Slime:6)
  A slime creature (Slime:6)
  A two-headed ogre (Vaults:5)
  6 flying skulls
  A wyvern (Zig:8)
  3 redbacks
  3 water elementals
  A deep elf mage (Elf:1)
  A deep elf fighter (Vaults:4)
  3 humans (D:13)
  3 trapdoor spiders (Pan)
  A chaos spawn (Tar:7)
  3 ogres
  A swamp worm (Swamp:4)
  A spiny frog zombie (Dis:2)
  A spider (Pan)
  An ice beast (Coc:7)
  A crocodile (Swamp:5)
  13 lost souls
  A spider zombie (Spider:4)
  A crimson imp (Hell)
  A hell rat (Elf:2)
  6 mummies
  An adder (Vaults:3)
  An orc (Zig:3)
  A giant spore (D:6)
  A lurking horror (Zig:3)
  A briar patch (Swamp:5)
  135 eldritch tentacle segments
  5 fungi (Lair:8)
  11 plants
  10 starspawn tentacles
  88 starspawn tentacle segments
362 creatures vanquished.

Grand Total: 4564 creatures vanquished

Notes
Turn   | Place    | Note
--------------------------------------------------------------
     0 | D:1      | Yermak, the Centaur Assassin, began the quest for the Orb.
     0 | D:1      | Reached XP level 1. HP: 17/17 MP: 1/1
    94 | D:1      | Reached skill level 3 in Throwing
   183 | D:1      | Reached XP level 2. HP: 18/24 MP: 2/2
   370 | D:1      | Reached XP level 3. HP: 26/29 MP: 3/3
   583 | D:2      | Reached skill level 4 in Throwing
   775 | D:2      | Reached XP level 4. HP: 6/36 MP: 4/4
   851 | D:2      | Found a sparkling altar of Nemelex Xobeh.
   900 | D:2      | Found a glowing golden altar of the Shining One.
   900 | D:2      | Found a glowing silver altar of Zin.
   902 | D:2      | Found a white marble altar of Elyvilon.
  1447 | D:4      | Reached skill level 5 in Throwing
  1463 | D:4      | Reached XP level 5. HP: 35/41 MP: 5/5
  1781 | D:4      | Noticed an ogre
  1793 | D:4      | Killed an ogre
  1793 | D:4      | Reached skill level 6 in Throwing
  1793 | D:4      | Reached XP level 6. HP: 30/48 MP: 6/6
  2085 | D:5      | Entered Level 5 of the Dungeon
  2145 | D:5      | Reached skill level 5 in Short Blades
  2145 | D:5      | Reached skill level 7 in Throwing
  2146 | D:5      | Noticed Pikel
  2177 | D:5      | HP: 2/48 [orc wizard/puff of frost (6)]
  2221 | D:4      | Found a runed door.
  2468 | D:4      | Reached XP level 7. HP: 40/55 MP: 7/7
  2566 | D:5      | Found an iron altar of Okawaru.
  2654 | D:5      | Found a glowing drain.
  2658 | Sewer    | Entered a sewer
  3109 | D:5      | Found a stormy altar of Qazlal.
  3109 | D:5      | Found a snail-covered altar of Cheibriados.
  3313 | D:5      | Killed Pikel
  3313 | D:5      | Reached XP level 8. HP: 22/61 MP: 8/8
  3508 | D:6      | Found a radiant altar of Vehumet.
  3510 | D:6      | Found an ancient bone altar of Kikubaaqudgha.
  3510 | D:6      | Found a deep blue altar of Sif Muna.
  3515 | D:6      | Identified Sif Muna's Grimoire of the Escort
  3522 | D:6      | Identified Vehumet's Tome of Confrontation
  3529 | D:6      | Identified Kikubaaqudgha's Disquisition on Dark Arts
  3547 | D:6      | Found an ancient bone altar of Kikubaaqudgha.
  3926 | D:6      | Got a bone trident
  4117 | D:6      | Reached skill level 5 in Stealth
  4142 | D:7      | Noticed Joseph
  4363 | D:7      | Found a staircase to the Ecumenical Temple.
  4369 | Temple   | Entered the Ecumenical Temple
  4389 | Temple   | Became a worshipper of Trog the Wrathful
  4701 | D:7      | Reached XP level 9. HP: 27/69 MP: 9/9
  4973 | D:7      | Got a smoking turquoise ring
  4975 | D:7      | Identified the ring of Carphiko {rC+ Dex+2} (You took it off an orc wizard on level 7 of the Dungeon)
  5056 | D:7      | Acquired Trog's first power
  5056 | D:7      | Reached skill level 8 in Short Blades
  5165 | D:7      | Found a shattered altar of Ashenzari.
  5228 | D:7      | Found Letapp's Magic Scroll Boutique.
  5495 | D:7      | Identified the +7 trident of the Jester {pain, rN+ MP+9} (You found it on level 6 of the Dungeon)
  5527 | D:7      | Bought a scroll of blinking for 97 gold pieces
  5527 | D:7      | Bought a scroll of recharging for 123 gold pieces
  5527 | D:7      | Bought a scroll of teleportation for 39 gold pieces
  5527 | D:7      | Bought a scroll of silence for 97 gold pieces
  5527 | D:7      | Bought a scroll of identify for 26 gold pieces
  5528 | D:7      | Gained mutation: You are frail (-10% HP). [potion of mutation]
  5528 | D:7      | Gained mutation: You possess an exceptional clarity of mind. [potion of mutation]
  5528 | D:7      | Gained mutation: You are partially covered in thin metallic scales (AC +2). [potion of mutation]
  5671 | D:8      | Reached skill level 5 in Fighting
  6233 | D:8      | Found a staircase to the Lair.
  6236 | D:8      | Acquired Trog's second power
  6284 | D:9      | Noticed Grum
  6520 | D:9      | Reached XP level 10. HP: 53/73 MP: 10/10
  6585 | D:9      | Reached skill level 9 in Short Blades
  6633 | D:9      | Noticed Psyche
  6658 | D:9      | Killed Psyche
  6759 | D:9      | Killed Grum
  6832 | D:9      | Reached skill level 1 in Dodging
  6998 | D:10     | Entered Level 10 of the Dungeon
  7414 | D:10     | Received a gift from Trog
  7878 | Lair:1   | Entered Level 1 of the Lair of Beasts
  7919 | Lair:1   | Acquired Trog's third power
  7939 | Lair:1   | Reached skill level 5 in Dodging
  8169 | Lair:2   | Reached XP level 11. HP: 60/80 MP: 11/11
  8232 | Lair:2   | Received a gift from Trog
  8616 | Lair:1   | Received a gift from Trog
  8733 | Lair:1   | Reached skill level 10 in Short Blades
  9037 | Lair:2   | Noticed a necromancer
  9052 | Lair:2   | Killed a necromancer
  9110 | Lair:2   | Reached skill level 10 in Throwing
  9310 | Lair:3   | Received a gift from Trog
  9350 | Lair:3   | Noticed a seven-headed hydra
  9373 | Lair:3   | Killed a seven-headed hydra
  9373 | Lair:3   | Reached skill level 11 in Short Blades
  9539 | Lair:3   | Received a gift from Trog
  9592 | Lair:3   | Reached XP level 12. HP: 77/86 MP: 12/12
  9691 | Lair:3   | Noticed Sigmund
  9746 | Lair:3   | Reached skill level 12 in Throwing
  9762 | Lair:3   | Killed Sigmund
 10066 | Lair:4   | Received a gift from Trog
 10268 | Lair:4   | Found a hole to the Spider Nest.
 10282 | Lair:4   | Received a gift from Trog
 10528 | Lair:4   | Reached skill level 13 in Throwing
 10770 | Lair:5   | Received a gift from Trog
 10803 | Lair:5   | Reached skill level 1 in Evocations
 10878 | Lair:5   | Identified a scroll of acquirement
 10919 | Lair:5   | Reached skill level 1 in Shields
 11061 | Lair:5   | Noticed Maud
 11093 | Lair:5   | Received a gift from Trog
 11160 | Lair:5   | Found a staircase to the Swamp.
 11260 | Lair:5   | Killed Maud
 11351 | Lair:6   | Reached XP level 13. HP: 84/91 MP: 15/15
 11959 | Lair:7   | Reached skill level 5 in Evocations
 12082 | Lair:7   | Gained mutation: You are clumsy. (Dex -2) [potion of mutation]
 12082 | Lair:7   | Gained mutation: Your muscles are strong. (Str +2) [potion of mutation]
 12082 | Lair:7   | Gained mutation: Your spells are a little harder to cast, but a little more powerful. [potion of mutation]
 12258 | Lair:7   | Identified the Guide on Venomous Earth
 12428 | Lair:8   | Entered Level 8 of the Lair of Beasts
 12530 | Lair:8   | Found a runed door.
 12536 | Lair:8   | Found a viscous altar of Jiyva.
 12536 | Lair:8   | Found a staircase to the Slime Pits.
 12536 | Lair:8   | Noticed an acid blob
 12536 | Lair:8   | Noticed an acid blob
 12596 | Lair:8   | Received a gift from Trog
 12797 | Lair:8   | Received a gift from Trog
 12860 | Lair:8   | Received a gift from Trog
 13311 | Lair:8   | Reached XP level 14. HP: 89/107 MP: 18/18
 13317 | Lair:8   | Reached skill level 10 in Fighting
 13453 | Lair:8   | Got a jewelled short sword
 13454 | Lair:8   | Identified the cursed +1 short sword of Icvediu {antimagic, rC+ Str+2} (You found it on level 8 of the Lair of Beasts)
 13458 | Lair:8   | Got a pitted cloak
 13469 | Lair:8   | Identified the +2 cloak "Keab" {MR+} (You found it on level 8 of the Lair of Beasts)
 13831 | D:11     | Received a gift from Trog
 13844 | D:11     | Lost mutation: You are clumsy. (Dex -2) [potion of mutation]
 13844 | D:11     | Gained mutation: Your magical capacity is low (-10% MP). [potion of mutation]
 13844 | D:11     | Gained mutation: You occasionally shout uncontrollably at your foes. [potion of mutation]
 13920 | D:11     | Received a gift from Trog
 14188 | D:11     | Received a gift from Trog
 14287 | D:11     | Received a gift from Trog
 14530 | D:12     | Noticed Erolcha
 14533 | D:12     | Killed Erolcha
 14686 | D:12     | Found a frozen archway.
 14722 | IceCv    | Entered an ice cave
 14784 | IceCv    | Received a gift from Trog
 15010 | IceCv    | Found an ancient bone altar of Kikubaaqudgha.
 15482 | D:12     | Noticed Sonja
 15491 | D:12     | Killed Sonja
 15676 | D:12     | Found a staircase to the Orcish Mines.
 15781 | D:13     | Found a shimmering altar of Xom.
 15781 | D:13     | Found a snail-covered altar of Cheibriados.
 15781 | D:13     | Noticed a sphinx
 15782 | D:13     | Noticed a fire giant
 15805 | D:13     | Killed a sphinx
 15813 | D:13     | Noticed Kirke
 15830 | D:13     | Killed Kirke
 16054 | D:13     | Noticed Frances
 16077 | D:13     | Killed Frances
 16226 | D:12     | Found a large runed door.
 16227 | D:12     | Found a large runed door.
 16238 | D:12     | Reached skill level 10 in Stealth
 16372 | D:12     | Noticed Ladykiller69's ghost (powerful FoFi)
 16427 | D:12     | Killed Ladykiller69's ghost
 16464 | D:12     | Noticed a sphinx
 16486 | D:12     | Killed a sphinx
 16486 | D:12     | Reached XP level 15. HP: 54/118 MP: 17/17
 16588 | D:12     | Found a deep blue altar of Sif Muna.
 16591 | D:12     | Found an opulent altar of Gozag.
 16776 | D:13     | Killed a fire giant
 16942 | D:13     | Received a gift from Trog
 17103 | D:13     | Found a gate to the Vaults.
 17857 | D:14     | HP: 3/180 [battlesphere[a deep elf mage] (17)]
 18507 | D:15     | Entered Level 15 of the Dungeon
 18724 | Orc:1    | Entered Level 1 of the Orcish Mines
 18846 | Orc:2    | Noticed Snorg
 18861 | Orc:1    | Received a gift from Trog
 18982 | Orc:1    | Found Dezizinkef's Jewellery Boutique.
 19044 | Orc:1    | Bought a cursed amulet of inaccuracy for 32 gold pieces
 19339 | Orc:1    | Killed Snorg
 19355 | Orc:2    | Received a gift from Trog
 20149 | Orc:3    | Received a gift from Trog
 20467 | Orc:4    | Entered Level 4 of the Orcish Mines
 20467 | Orc:4    | Found Miruim's General Store.
 20541 | Orc:4    | Found a staircase to the Elven Halls.
 20548 | Orc:4    | Found Wisimiur's Gadget Shop.
 20868 | Orc:3    | Found a roughly hewn altar of Beogh.
 21058 | Orc:4    | Received a gift from Trog
 21286 | Orc:4    | Found Fyatutoje's Antique Armour Shoppe.
 21394 | Orc:4    | Bought a pair of runed gloves for 103 gold pieces
 21778 | Orc:4    | Found Gesun's Book Emporium.
 21931 | Orc:4    | Found Ykhla's Antique Weapon Emporium.
 21948 | Orc:4    | Found Xett's Antique Weapon Boutique.
 22175 | Orc:4    | Received a gift from Trog
 22340 | Orc:4    | Bought a shiny large shield for 103 gold pieces
 22386 | Orc:4    | Reached XP level 16. HP: 77/129 MP: 18/18
 22478 | Orc:3    | Received a gift from Trog
 22508 | Orc:1    | Bought the ring "Plog" {+Inv rC+ Int+4 Stlth-} for 816 gold pieces
 22508 | Orc:1    | Bought the amulet of Yxutti {Gourm +Blink rN+ Int+2 Dex+2} for 905 gold pieces
 22802 | Spider:1 | Entered Level 1 of the Spider Nest
 22936 | Spider:1 | Got a transparent ring mail
 22955 | Spider:1 | Reached skill level 5 in Shields
 23665 | Spider:2 | Received a gift from Trog
 24124 | Spider:2 | Identified the cursed +1 ring mail "Katerrer" {Int+3} (You found it on level 1 of the Spider Nest)
 24805 | Spider:3 | Noticed Arachne
 24868 | Spider:3 | Banished Arachne
 25045 | Spider:3 | Received a gift from Trog
 25419 | Spider:4 | Received a gift from Trog
 25591 | Spider:4 | Gained mutation: Your muscles are very strong. (Str +4) [mutagenic meat]
 25592 | Spider:4 | Gained mutation: Scrolls take you a little longer to read. [mutagenic meat]
 26118 | Spider:4 | Received a gift from Trog
 26316 | Spider:5 | Entered Level 5 of the Spider Nest
 26318 | Spider:5 | Reached skill level 10 in Shields
 26478 | Spider:4 | Reached XP level 17. HP: 85/135 MP: 19/19
 26656 | Spider:4 | Lost mutation: Scrolls take you a little longer to read. [a Zot trap]
 26872 | Spider:5 | Reached skill level 1 in Armour
 26996 | Spider:5 | Gained mutation: You can breathe flames. [mutagenic meat]
 27135 | Spider:5 | Got a scintillating lead ring
 27137 | Spider:5 | Identified the ring "Geak" {MP+9 Int+2} (You found it on level 5 of the Spider Nest)
 27331 | Spider:5 | Identified a -2 rod of clouds (10/10) (You found it on level 5 of the Spider Nest)
 27468 | Spider:5 | Received a gift from Trog
 27619 | Spider:5 | Received a gift from Trog
 28355 | Spider:5 | Received a gift from Trog
 28661 | Spider:5 | Reached skill level 5 in Armour
 28714 | Spider:5 | Got a gossamer rune of Zot
 28790 | Spider:5 | Received a gift from Trog
 29032 | Lair:4   | You fall through a shaft!
 29071 | Swamp:1  | Entered Level 1 of the Swamp
 29272 | Swamp:1  | Received a gift from Trog
 29613 | Swamp:2  | Reached skill level 14 in Throwing
 30348 | Swamp:3  | Reached skill level 15 in Throwing
 30582 | Swamp:3  | Noticed Louise
 30631 | Swamp:3  | Killed Louise
 30631 | Swamp:3  | Reached XP level 18. HP: 142/142 MP: 20/20
 30643 | Swamp:3  | Received a gift from Trog
 30877 | Swamp:4  | Reached skill level 16 in Throwing
 31453 | Swamp:4  | Reached skill level 17 in Throwing
 31501 | Swamp:5  | Entered Level 5 of the Swamp
 31621 | Swamp:5  | Received a gift from Trog
 31652 | Swamp:5  | Got a polished short sword {god gift}
 31653 | Swamp:5  | Identified the +8 short sword of Roblumn {god gift, pierce, rC++ MR+} (Trog gifted it to you on level 5 of the Swamp)
 32407 | Swamp:5  | Noticed the 27-headed Lernaean hydra
 32454 | Swamp:5  | Killed the 27-headed Lernaean hydra
 32552 | Swamp:5  | Got a decaying rune of Zot
 32559 | Swamp:5  | Received a gift from Trog
 33004 | Vaults:1 | Entered Level 1 of the Vaults
 33025 | Vaults:1 | Noticed Donald
 33036 | Vaults:1 | Killed Donald
 33375 | Vaults:1 | Received a gift from Trog
 33807 | Vaults:1 | Found Migomaodd's Antique Armour Shoppe.
 33950 | Vaults:1 | Noticed Aizul
 33980 | Vaults:1 | Killed Aizul
 34025 | Vaults:1 | Received a gift from Trog
 34188 | Vaults:1 | Gained mutation: You evolve. [mutagenic meat]
 34297 | Vaults:2 | Received a gift from Trog
 34589 | Vaults:2 | Received a gift from Trog
 34919 | Vaults:2 | Reached XP level 19. HP: 134/148 MP: 20/20
 35080 | Vaults:2 | Got a scorched hat
 35086 | Vaults:2 | Identified the +1 hat of the Doldrums {rCorr} (You acquired it on level 2 of the Vaults)
 35413 | Vaults:2 | Lost mutation: Your magical capacity is low (-10% MP). [mutagenic meat]
 35414 | Vaults:2 | Lost mutation: You can breathe flames. [mutagenic meat]
 35676 | Elf:1    | Entered Level 1 of the Elven Halls
 35679 | Elf:1    | Noticed Nikola
 35679 | Elf:1    | Noticed Agnes
 35693 | Elf:1    | Killed Agnes
 35717 | Elf:1    | Received a gift from Trog
 35751 | Elf:1    | Killed Nikola
 35870 | Elf:1    | Gained mutation: Scrolls take you a little longer to read. [potion of mutation]
 36639 | Elf:2    | Found a huge runed gate.
 36639 | Elf:2    | Found a huge runed gate.
 36640 | Elf:2    | Found a huge runed gate.
 36640 | Elf:2    | Found a huge runed gate.
 36644 | Elf:2    | Found a huge runed gate.
 36722 | Elf:2    | Received a gift from Trog
 36773 | Elf:2    | Found Kynacod's Food Emporium.
 36831 | Elf:2    | Found Onaz's Distillery.
 37162 | Elf:2    | Found Caerah's Armour Boutique.
 37241 | Elf:2    | Received a gift from Trog
 37284 | Elf:2    | Found Ycuf's Antique Armour Boutique.
 37294 | Elf:2    | Bought a dazzling leather armour for 273 gold pieces
 37294 | Elf:2    | Bought an embroidered hat for 156 gold pieces
 37335 | Elf:2    | Identified the +3 leather armour of the Worm {MR++ Slay+2} (You bought it in a shop on level 2 of the Elven Halls)
 37523 | Elf:2    | Received a gift from Trog
 37913 | Elf:3    | Entered Level 3 of the Elven Halls
 38110 | Elf:3    | Noticed Roxanne
 38140 | Elf:3    | Killed Roxanne
 38320 | Elf:3    | Received a gift from Trog
 38564 | Orc:1    | Bought an uncursed ring of protection from fire for 400 gold pieces
 39070 | Elf:3    | Reached XP level 20. HP: 107/154 MP: 24/24
 39194 | Elf:3    | Received a gift from Trog
 39370 | Elf:3    | Identified a +1 rod of ignition (12/12) (You took it off a deep elf death mage on level 3 of the Elven Halls)
 39468 | Elf:3    | Received a gift from Trog
 39518 | Elf:3    | Got a transparent lapis lazuli ring
 39520 | Elf:3    | Identified the ring of Paetz {rElec rPois rC+ rN+ MR-} (You took it off a deep elf annihilator on level 3 of the Elven Halls)
 39559 | Elf:3    | Received a gift from Trog
 39681 | Elf:3    | Got a crude buckler
 39692 | Elf:3    | Identified the -3 buckler of Evolution {Stlth+} (You found it on level 3 of the Elven Halls)
 39759 | Elf:3    | Received a gift from Trog
 39846 | Elf:3    | Got a scorched leather armour
 39867 | Elf:3    | Identified the +0 leather armour of the Beekeeper {rF- Str+6 Dex+3} (You took it off a deep elf fighter on level 3 of the Elven Halls)
 39898 | Elf:3    | Got a smoking ring mail
 39911 | Elf:3    | Identified the cursed +1 ring mail "Dokk" {Slay+3} (You found it on level 3 of the Elven Halls)
 39922 | Elf:3    | Got a heavily runed ring mail
 39928 | Elf:3    | Identified the +4 ring mail of the Shining Light {Regen+} (You found it on level 3 of the Elven Halls)
 40372 | D:15     | Found a staircase to the Depths.
 40837 | D:15     | Found a shadowy altar of Dithmenos.
 41016 | D:15     | Received a gift from Trog
 41070 | Depths:1 | Entered Level 1 of the Depths
 41161 | Depths:1 | Found a gateway to Hell.
 41504 | Depths:1 | Lost mutation: Your spells are a little harder to cast, but a little more powerful. [potion of mutation]
 41504 | Depths:1 | Lost mutation: You occasionally shout uncontrollably at your foes. [potion of mutation]
 41504 | Depths:1 | Gained mutation: You can breathe flames. [potion of mutation]
 41580 | Depths:1 | Found a one-way gate leading to the halls of Pandemonium.
 41706 | Depths:1 | Received a gift from Trog
 41862 | Depths:1 | Gained mutation: You are partially covered in icy blue scales (AC +1). [mutagenic meat]
 41865 | Depths:1 | Gained mutation: You are very frail (-20% HP). [mutagenic meat]
 41867 | Depths:1 | Lost mutation: You are very frail (-20% HP). [mutagenic meat]
 41868 | Depths:1 | Lost mutation: Scrolls take you a little longer to read. [mutagenic meat]
 41889 | Depths:1 | Found a gateway to a ziggurat.
 42013 | Depths:1 | Received a gift from Trog
 42224 | Depths:1 | Received a gift from Trog
 42244 | Depths:1 | Got a crude dagger {god gift}
 42245 | Depths:1 | Identified the +8 dagger "Uddip" {god gift, venom, rElec MR- Str+4 SInv} (Trog gifted it to you on level 1 of the Depths)
 42665 | Vaults:3 | Found Osmarir's Distillery.
 42859 | Vaults:3 | Reached skill level 15 in Shields
 42859 | Vaults:3 | Reached XP level 21. HP: 161/161 MP: 25/25
 42881 | Vaults:3 | Identified a +1 rod of shadows (14/14) (You found it on level 3 of the Vaults)
 43122 | Vaults:3 | Received a gift from Trog
 43469 | Vaults:3 | Found a staircase to the Crypt.
 43469 | Vaults:3 | Found an ancient bone altar of Kikubaaqudgha.
 43470 | Vaults:3 | Found a basalt altar of Yredelemnul.
 43562 | Vaults:3 | Reached skill level 15 in Stealth
 43644 | Vaults:3 | Received a gift from Trog
 43850 | Vaults:3 | Noticed Jory
 43854 | Vaults:3 | Killed Jory
 44033 | Vaults:4 | Received a gift from Trog
 44442 | Vaults:4 | Noticed asdu's ghost (mighty MfSk)
 44460 | Vaults:4 | Received a gift from Trog
 44536 | Vaults:4 | Killed asdu's ghost
 44876 | Vaults:4 | Received a gift from Trog
 45064 | Vaults:4 | Received a gift from Trog
 45152 | Vaults:4 | Received a gift from Trog
 45380 | D:13     | Gained mutation: You are agile. (Dex +2) [potion of beneficial mutation]
 45675 | Depths:2 | Received a gift from Trog
 46257 | Depths:2 | Reached skill level 10 in Dodging
 46577 | Depths:2 | Reached XP level 22. HP: 120/171 MP: 27/27
 46921 | Depths:3 | Found a runed door.
 46949 | Depths:3 | Received a gift from Trog
 47123 | Depths:3 | Received a gift from Trog
 47300 | Depths:3 | Received a gift from Trog
 48075 | Depths:3 | Received a gift from Trog
 48232 | Depths:3 | Received a gift from Trog
 48247 | Depths:3 | Cast into the Abyss (a distortion unwield)
 48283 | Abyss:2  | Found a deep blue altar of Sif Muna.
 48622 | Abyss:2  | Found a corrupted altar of Lugonu.
 49199 | Depths:3 | Escaped the Abyss
 49465 | Depths:3 | Received a gift from Trog
 49713 | Depths:3 | Reached XP level 23. HP: 167/178 MP: 28/28
 50033 | Depths:3 | Found a one-way gate to the infinite horrors of the Abyss.
 50059 | Depths:3 | Got a pitted scale mail
 50070 | Depths:3 | Identified the +4 scale mail of Zegirie {Dex+2} (You found it on level 3 of the Depths)
 50090 | Depths:3 | Noticed a caustic shrike
 50138 | Depths:3 | Killed a caustic shrike
 50166 | Depths:3 | Received a gift from Trog
 50301 | Depths:3 | Got a distressingly furry chain mail
 50312 | Depths:3 | Identified the +7 chain mail of Music {Str+7 Int+2} (You found it on level 3 of the Depths)
 50863 | Depths:4 | Found Fobo's Antique Armour Shop.
 50972 | Depths:4 | Received a gift from Trog
 51118 | Depths:4 | Received a gift from Trog
 51506 | Depths:4 | Reached skill level 18 in Stealth
 51548 | Depths:4 | Received a gift from Trog
 51670 | Depths:4 | Got a scintillating garnet amulet
 51672 | Depths:4 | Identified the amulet of Ygysuni {Spirit rF+ MR+ Str-2 Int+3} (You took it off a spriggan air mage on level 4 of the Depths)
 51695 | Depths:4 | Got a fine scimitar
 51696 | Depths:4 | Identified the +7 scimitar "Docrunost" {drain, MR++ Dex+2} (You took it off a spriggan air mage on level 4 of the Depths)
 51719 | Depths:4 | Got a jewelled centaur barding
 51730 | Depths:4 | Identified the +0 centaur barding "Kanunt" {rN+} (You acquired it on level 4 of the Depths)
 52434 | Crypt:1  | Entered Level 1 of the Crypt
 53110 | Crypt:1  | Noticed Khufu
 53343 | Crypt:1  | Noticed a greater mummy
 53398 | Crypt:1  | Killed a greater mummy
 53429 | Crypt:1  | Noticed a greater mummy
 53434 | Crypt:1  | Killed Khufu
 53434 | Crypt:1  | Reached XP level 24. HP: 184/184 MP: 28/28
 53442 | Crypt:1  | Killed a greater mummy
 53489 | Crypt:2  | Noticed Margery
 53533 | Crypt:1  | Killed Margery
 53703 | Crypt:2  | Noticed Mennas
 53829 | Crypt:2  | Killed Mennas
 53829 | Crypt:2  | Reached skill level 15 in Short Blades
 54240 | Crypt:2  | Received a gift from Trog
 54407 | Crypt:3  | Entered Level 3 of the Crypt
 54960 | Crypt:3  | Found a staircase to the Tomb.
 55045 | Crypt:3  | Noticed Frederick
 55056 | Crypt:3  | Cast into the Abyss (Frederick)
 55305 | Crypt:3  | Escaped the Abyss
 55331 | Crypt:3  | Killed Frederick
 55536 | Crypt:3  | Got a faintly glowing large shield
 55547 | Crypt:3  | Identified the cursed -4 large shield of Perefoimei {rPois rN+} (You found it on level 3 of the Crypt)
 55729 | Crypt:3  | Found an ancient bone altar of Kikubaaqudgha.
 56030 | Crypt:3  | Noticed an ancient lich
 56344 | Crypt:3  | Killed an ancient lich
 56430 | Crypt:3  | Received a gift from Trog
 56885 | Orc:1    | Bought a +6 ring of slaying for 2300 gold pieces
 56955 | Orc:4    | Bought a potion of agility for 68 gold pieces
 57210 | Vaults:5 | Entered Level 5 of the Vaults
 57240 | Vaults:5 | Received a gift from Trog
 57248 | Vaults:5 | Noticed Boris
 57270 | Vaults:5 | Reached XP level 25. HP: 125/190 MP: 28/28
 57286 | Vaults:5 | Killed Boris
 57344 | Vaults:5 | Received a gift from Trog
 57357 | Vaults:5 | Reached skill level 15 in Fighting
 57413 | Vaults:5 | Got a sparkling diamond amulet
 57415 | Vaults:5 | Identified the amulet "Oset" {Gourm rElec Int-4 Dex+2 Stlth-} (You took it off a vault guard on level 5 of the Vaults)
 57807 | Vaults:5 | Received a gift from Trog
 57946 | Vaults:5 | Lost mutation: You can breathe flames. [evolution]
 58048 | Vaults:5 | Received a gift from Trog
 58099 | Vaults:5 | Received a gift from Trog
 58299 | Vaults:5 | Got a silver rune of Zot
 58589 | Vaults:5 | Got a brightly glowing robe
 58590 | Vaults:5 | Identified the +0 robe of the Raven {rElec rPois Regen+ Str-4} (You took it off a yaktaur captain on level 5 of the Vaults)
 58626 | Vaults:5 | Received a gift from Trog
 59063 | Depths:1 | Reached skill level 19 in Stealth
 59743 | Lair:8   | Killed an acid blob
 59747 | Lair:8   | Killed an acid blob
 59747 | Lair:8   | Reached XP level 26. HP: 167/203 MP: 29/29
 59755 | Slime:1  | Entered Level 1 of the Pits of Slime
 59931 | Slime:6  | Entered Level 6 of the Pits of Slime
 59953 | Slime:6  | Received a gift from Trog
 59986 | Slime:6  | Upgraded the game from 0.17-a0-435-gc4df345 to 0.17-a0-464-g85d6e2c
 60018 | Slime:6  | Found a viscous altar of Jiyva.
 60044 | Slime:6  | Noticed the royal jelly
 60077 | Slime:6  | Received a gift from Trog
 60089 | Slime:6  | Killed the royal jelly
 60118 | Slime:6  | Reached skill level 10 in Evocations
 60140 | Slime:6  | Got a slimy rune of Zot
 60142 | Slime:6  | Identified the Almanac of the Snowflakes
 60185 | Slime:6  | Gained mutation: You can spit weak poison. [potion of beneficial mutation]
 60355 | Slime:6  | Got a brightly glowing chain mail
 60366 | Slime:6  | Identified the cursed +0 chain mail of Supple Strength {rN+ MR+ rCorr MP+9} (You found it on level 6 of the Pits of Slime)
 61018 | Orc:1    | Bought an uncursed ring of flight for 280 gold pieces
 61163 | Zig:1    | Entered Level 1 of a ziggurat
 61182 | Zig:2    | Entered Level 2 of a ziggurat
 61207 | Zig:3    | Entered Level 3 of a ziggurat
 61296 | Zig:4    | Entered Level 4 of a ziggurat
 61361 | Zig:5    | Entered Level 5 of a ziggurat
 61416 | Zig:5    | Got a brightly glowing leather armour
 61427 | Zig:5    | Identified the cursed +0 leather armour of Trial and Error {rN++} (You found it on level 5 of a ziggurat)
 61474 | Zig:6    | Entered Level 6 of a ziggurat
 61538 | Zig:6    | Got a heavily runed ruby amulet
 61539 | Zig:6    | Identified the amulet "Cuaku" {Gourm rN+ Str+6 Slay+3} (You found it on level 6 of a ziggurat)
 61561 | Zig:7    | Entered Level 7 of a ziggurat
 61570 | Zig:7    | Noticed an ancient lich
 61582 | Zig:7    | Killed an ancient lich
 61599 | Zig:7    | Received a gift from Trog
 61659 | Zig:7    | Got an ichor-stained scale mail
 61670 | Zig:7    | Identified the +3 scale mail of the Earth {+Blink +Inv Str-5 Int+3} (You found it on level 7 of a ziggurat)
 61729 | Zig:8    | Entered Level 8 of a ziggurat
 61791 | Zig:8    | Reached skill level 20 in Stealth
 61906 | Zig:9    | Entered Level 9 of a ziggurat
 62003 | Zig:9    | Received a gift from Trog
 62047 | Zig:9    | Got a brightly glowing plate armour
 62048 | Zig:9    | Identified the cursed +1 plate armour "Dankaiva" {rC- Dex+5} (You found it on level 9 of a ziggurat)
 62068 | Zig:10   | Entered Level 10 of a ziggurat
 62108 | Zig:10   | Received a gift from Trog
 62168 | Zig:10   | Got a shimmering tin amulet
 62169 | Zig:10   | Identified the amulet "Veomn" {rCorr +Blink Int+2 Slay-2} (You found it on level 10 of a ziggurat)
 62254 | Pan      | Entered Pandemonium
 62254 | Pan      | Found an exit through the horrors of the Abyss.
 62302 | Pan      | Noticed Bexerghet the pandemonium lord
 62467 | Pan      | Gained mutation: Your body is slowly deteriorating. [a neqoxec]
 62738 | Pan      | Killed Bexerghet the pandemonium lord
 62744 | Pan      | Got a demonic rune of Zot
 62774 | Pan      | Found an exit through the horrors of the Abyss.
 63124 | Pan      | Reached XP level 27. HP: 209/209 MP: 31/31
 63201 | Pan      | Found an exit through the horrors of the Abyss.
 63217 | Pan      | Noticed Afreomach the pandemonium lord
 63328 | Pan      | Received a gift from Trog
 63332 | Pan      | Got a scorched demon whip {god gift}
 63333 | Pan      | Identified the +1 demon whip of War {god gift, freeze, rPois rN++ Str+2 Int+2} (Trog gifted it to you in Pandemonium)
 63380 | Pan      | Found an exit through the horrors of the Abyss.
 63476 | Pan      | Noticed Nomieh the pandemonium lord
 63513 | Pan      | Killed Nomieh the pandemonium lord
 63627 | Pan      | Entered the realm of Mnoleg.
 63747 | Pan      | Lost mutation: You are agile. (Dex +2) [a neqoxec]
 63756 | Pan      | Gained mutation: Your magical capacity is low (-10% MP). [a neqoxec]
 63831 | Pan      | Got a bloodstained cloak
 63836 | Pan      | Identified the +2 cloak "Lumanti" {rN+} (You found it in Pandemonium)
 63852 | Pan      | Noticed Mnoleg
 63896 | Pan      | Killed Mnoleg
 63896 | Pan      | Reached skill level 21 in Stealth
 63920 | Pan      | Got a glowing rune of Zot
 64070 | Pan      | Found an exit through the horrors of the Abyss.
 64098 | Pan      | Received a gift from Trog
 64385 | Pan      | Entered the realm of Gloorx Vloq.
 64456 | Pan      | Got a dark rune of Zot
 64497 | Pan      | Noticed Gloorx Vloq
 64506 | Pan      | Killed Gloorx Vloq
 64629 | Pan      | Noticed Femotz the pandemonium lord
 64633 | Pan      | Killed Femotz the pandemonium lord
 64689 | Pan      | Found a gateway to a ziggurat.
 64699 | Zig:1    | Entered Level 1 of a ziggurat
 64720 | Zig:2    | Entered Level 2 of a ziggurat
 64748 | Zig:2    | Got a polished short sword
 64749 | Zig:2    | Identified the +6 short sword of Niuneapt {pierce, Dex+3 SInv} (You found it on level 2 of a ziggurat)
 64754 | Zig:3    | Entered Level 3 of a ziggurat
 64806 | Zig:4    | Entered Level 4 of a ziggurat
 64839 | Zig:4    | Received a gift from Trog
 64841 | Zig:4    | Got an iridescent rapier {god gift}
 64842 | Zig:4    | Identified the +9 rapier "Hosib" {god gift, pierce, rPois MR++ Int+4 Dex-4} (Trog gifted it to you on level 4 of a ziggurat)
 64859 | Zig:5    | Entered Level 5 of a ziggurat
 64910 | Zig:5    | Got a citrine-encrusted ring mail
 64911 | Zig:5    | Identified the +1 ring mail of the Pits of Slime {rF+} (You found it on level 5 of a ziggurat)
 64919 | Zig:6    | Entered Level 6 of a ziggurat
 64936 | Zig:6    | Reached skill level 22 in Stealth
 64971 | Zig:7    | Entered Level 7 of a ziggurat
 65060 | Zig:7    | Got a smoking iron ring
 65061 | Zig:7    | Identified the ring of Wucrec {+cTele rC+ Int+4} (You found it on level 7 of a ziggurat)
 65074 | Zig:8    | Entered Level 8 of a ziggurat
 65132 | Zig:8    | Got a ripped robe
 65133 | Zig:8    | Identified the +1 robe of Fitux {rElec rN++ MR+ Int-3} (You found it on level 8 of a ziggurat)
 65171 | Pan      | Found a runed door.
 65181 | Pan      | Found a runed door.
 65181 | Pan      | Noticed Calippoa the pandemonium lord
 65214 | Pan      | Killed Calippoa the pandemonium lord
 65215 | Pan      | Found a runed door.
 65215 | Pan      | Found a runed door.
 65216 | Pan      | Received a gift from Trog
 65218 | Pan      | Got a coiled ruby amulet
 65219 | Pan      | Identified the amulet of the Salmon {+Rage rN+ Int+4 Dex-2} (You took it off a balrug in Pandemonium)
 65309 | Pan      | Gained mutation: You are partially covered in slimy green scales (AC +2). [evolution]
 65503 | Pan      | Found an exit through the horrors of the Abyss.
 65701 | Pan      | Found an exit through the horrors of the Abyss.
 65849 | Pan      | Entered the realm of Cerebov.
 65943 | Pan      | Got a bound granite ring
 65944 | Pan      | Identified the ring "Ycihisch" {Ice Str+2 Int+3 Dex+4} (You found it in Pandemonium)
 66001 | Pan      | Noticed Cerebov
 66030 | Pan      | Killed Cerebov
 66053 | Pan      | Reached skill level 23 in Stealth
 66063 | Pan      | Got a fiery rune of Zot
 66152 | Pan      | Received a gift from Trog
 66177 | Depths:1 | Escaped Pandemonium
 66179 | Pan      | Entered the realm of Lom Lobon.
 66179 | Pan      | Entered Pandemonium
 66179 | Pan      | Noticed Lom Lobon
 66195 | Pan      | Killed Lom Lobon
 66216 | Pan      | Got a magical rune of Zot
 66407 | Pan      | Got a spiked hat
 66408 | Pan      | Identified the +0 hat "Lofuraf" {Str+3} (You acquired it in Pandemonium)
 66484 | Pan      | Found an exit through the horrors of the Abyss.
 66498 | Pan      | Took an exit into the Abyss.
 66498 | Abyss:1  | Escaped into the Abyss
 66860 | Abyss:3  | Found a corrupted altar of Lugonu.
 66912 | Abyss:3  | Found a shimmering altar of Xom.
 67014 | Abyss:4  | Got an abyssal rune of Zot
 67189 | Depths:1 | Escaped the Abyss
 67226 | Hell     | Entered the Vestibule of Hell
 67226 | Hell     | Noticed Geryon
 67235 | Hell     | Killed Geryon
 67250 | Hell     | Noticed WhatIsLove's ghost (mighty DrWr)
 67261 | Hell     | Killed WhatIsLove's ghost
 67274 | Hell     | Found a gateway to the decaying netherworld of Tartarus.
 67280 | Tar:1    | Entered Level 1 of Tartarus
 67418 | Tar:3    | Received a gift from Trog
 67639 | Tar:4    | Reached skill level 24 in Stealth
 68168 | Tar:7    | Entered Level 7 of Tartarus
 68426 | Tar:7    | Noticed Ereshkigal
 68449 | Tar:7    | Killed Ereshkigal
 68468 | Tar:7    | Got a bone rune of Zot
 68583 | Hell     | Found a gateway to the freezing wastes of Cocytus.
 68593 | Coc:1    | Entered Level 1 of Cocytus
 68732 | Coc:7    | Entered Level 7 of Cocytus
 68748 | Coc:7    | Noticed Antaeus
 68778 | Coc:7    | Got an icy rune of Zot
 68809 | Hell     | Noticed Murray
 68826 | Hell     | Killed Murray
 68826 | Hell     | Reached skill level 25 in Stealth
 68926 | Hell     | Found a gateway to the Iron City of Dis.
 68985 | Dis:1    | Entered Level 1 of the Iron City of Dis
 69333 | Dis:6    | Received a gift from Trog
 69372 | Dis:7    | Entered Level 7 of the Iron City of Dis
 69645 | Dis:7    | Noticed Dispater
 69655 | Dis:7    | Killed Dispater
 69659 | Dis:7    | Got a heavily runed jade ring
 69660 | Dis:7    | Identified the ring of Zouzuil {rF+ MR+ Slay+2 Stlth+} (You took it off Dispater on level 7 of the Iron City of Dis)
 69667 | Dis:7    | Got a fine platinum ring
 69672 | Dis:7    | Received a gift from Trog
 69710 | Dis:7    | Identified the ring of Gluttony {Int+7 Dex+6} (You found it on level 7 of the Iron City of Dis)
 69713 | Dis:7    | Got an iron rune of Zot
 69836 | Hell     | Received a gift from Trog
 69868 | Hell     | Found a gateway to the ashen valley of Gehenna.
 69914 | Geh:1    | Entered Level 1 of Gehenna
 70027 | Geh:1    | Received a gift from Trog
 70191 | Geh:2    | Received a gift from Trog
 70212 | Geh:2    | Reached skill level 26 in Stealth
 70753 | Geh:6    | Received a gift from Trog
 70788 | Geh:6    | Received a gift from Trog
 70861 | Geh:6    | Received a gift from Trog
 71090 | Geh:7    | Entered Level 7 of Gehenna
 71126 | Geh:7    | Received a gift from Trog
 71358 | Geh:7    | Noticed the Serpent of Hell
 71362 | Geh:7    | Received a gift from Trog
 71380 | Geh:7    | Killed the Serpent of Hell
 71380 | Geh:7    | Reached skill level 27 in Stealth
 71538 | Geh:7    | Reached skill level 10 in Armour
 71589 | Geh:7    | Received a gift from Trog
 71604 | Geh:7    | Noticed Asmodeus
 71639 | Geh:7    | Killed Asmodeus
 71639 | Geh:7    | Reached skill level 15 in Dodging
 71663 | Geh:7    | Got an obsidian rune of Zot
 72029 | Tomb:1   | Entered Level 1 of the Tomb of the Ancients
 72163 | Tomb:1   | Received a gift from Trog
 72300 | Tomb:1   | Gained mutation: You can spit poison. [evolution]
 72571 | Tomb:2   | Noticed an ancient lich
 72795 | Tomb:3   | Entered Level 3 of the Tomb of the Ancients
 73507 | Tomb:3   | Got a golden rune of Zot
 73700 | Tomb:3   | Got a scorched centaur barding
 73701 | Tomb:3   | Identified the +4 centaur barding of Wasted Space {Int+3} (You acquired it on level 3 of the Tomb of the Ancients)
 73707 | Tomb:3   | Lost mutation: You are frail (-10% HP). [helix card]
 73715 | Tomb:3   | Got an ichor-stained rapier
 73716 | Tomb:3   | Identified the +6 rapier of the Little People {drain, rElec rF+ rC-} (You found it on level 3 of the Tomb of the Ancients)
 74221 | Depths:5 | Entered Level 5 of the Depths
 74375 | Depths:5 | Found a gate to the Realm of Zot.
 74382 | Depths:5 | Found a flickering gateway to a bazaar.
 74388 | Bazaar   | Entered a bazaar
 74388 | Bazaar   | Found Utuumum's Weapon Boutique.
 74388 | Bazaar   | Found Guap's Gadget Boutique.
 74403 | Bazaar   | Found Gaojais's Book Boutique.
 74405 | Bazaar   | Found Baimanyf's Book Emporium.
 74426 | Bazaar   | Found Taxusog's Magic Scroll Shop.
 74433 | Bazaar   | Bought a scroll of recharging for 95 gold pieces
 74433 | Bazaar   | Bought a scroll of identify for 20 gold pieces
 74433 | Bazaar   | Bought a scroll of identify for 20 gold pieces
 74433 | Bazaar   | Bought a scroll of magic mapping for 35 gold pieces
 74433 | Bazaar   | Bought a scroll of teleportation for 30 gold pieces
 74458 | Zot:1    | Entered Level 1 of the Realm of Zot
 74470 | Zot:1    | Hired Vil Diej the torturous demonspawn for 575 gold.
 74472 | Zot:1    | Drew Focus: Dex increased to 23, Int decreased to 9
 74478 | Zot:1    | Hired Irogy the green draconian for 1395 gold.
 74492 | Zot:1    | Drew Focus: Dex increased to 24, Int decreased to 8
 74542 | Zot:2    | Your ally Vil Diej died
 74682 | Zot:3    | Received a gift from Trog
 74859 | Zot:5    | Entered Level 5 of the Realm of Zot
 75053 | Zot:5    | Noticed an orb of fire
 75065 | Zot:5    | Killed an orb of fire
 75075 | Zot:5    | Noticed an orb of fire
 75087 | Zot:5    | Noticed an orb of fire
 75097 | Zot:5    | Noticed an orb of fire
 75105 | Zot:5    | Killed an orb of fire
 75105 | Zot:5    | Your ally Irogy died
 75110 | Zot:5    | Killed an orb of fire
 75112 | Zot:5    | Killed an orb of fire
 75127 | Zot:5    | Got an encrusted cloak
 75128 | Zot:5    | Identified the +4 cloak of Tiowen {Stlth+} (You acquired it on level 5 of the Realm of Zot)
 75160 | Zot:5    | Noticed an ancient lich
 75169 | Zot:5    | Killed an ancient lich
 75311 | Zot:5    | Received a gift from Trog
 75328 | Zot:5    | Noticed an orb of fire
 75340 | Zot:5    | Killed an orb of fire
 75355 | Zot:5    | Noticed an orb of fire
 75363 | Zot:5    | Killed an orb of fire
 75363 | Zot:5    | Reached skill level 15 in Armour
 75416 | Zot:5    | Noticed an orb of fire
 75430 | Zot:5    | Killed an orb of fire
 75473 | Zot:5    | Got the Orb of Zot
 75523 | Zot:5    | Received a gift from Trog
 75676 | Zot:3    | Noticed a seraph
 75690 | Zot:3    | Killed a seraph
 75932 | Depths:1 | Noticed Calues the pandemonium lord
 76264 | D:$      | Escaped with the Orb!

Action                   |  1- 3 |  4- 6 |  7- 9 | 10-12 | 13-15 | 16-18 | 19-21 | 22-24 | 25-27 || total
-------------------------+-------+-------+-------+-------+-------+-------+-------+-------+-------++-------
Melee: Dagger            |   130 |   210 |   368 |    36 |  1831 |  2811 |    31 |    65 |    25 ||  5507
       Spear             |    11 |       |       |       |       |       |       |       |       ||    11
       Short sword       |       |       |    45 |   955 |   618 |   901 |  3472 |  2151 |    68 ||  8210
       Quick blade       |       |       |       |       |   497 |    58 |       |    98 |    71 ||   724
       Rapier            |       |       |       |       |       |       |   192 |       |   892 ||  1084
       Katana            |       |       |       |       |       |       |       |   607 |  1444 ||  2051
       Eudemon blade     |       |       |       |       |       |       |       |   617 |  2135 ||  2752
 Fire: Blowgun           |     9 |    27 |    92 |    42 |    15 |    23 |    28 |    15 |    93 ||   344
Throw: Stone             |     1 |    27 |    37 |       |       |       |       |       |       ||    65
       Tomahawk          |       |       |   105 |    83 |       |    48 |       |       |       ||   236
       Throwing net      |       |       |     1 |     1 |     1 |       |     4 |     5 |     4 ||    16
       Javelin           |       |       |       |    40 |   258 |   296 |   143 |   391 |   351 ||  1479
Invok: Burn Spellbooks   |       |       |     1 |     2 |     7 |     1 |     6 |     7 |    24 ||    48
       Trog's Hand       |       |       |       |     6 |    12 |    13 |    14 |     6 |   103 ||   154
       Berserk           |       |       |       |     3 |     8 |     1 |     1 |       |       ||    13
       Brothers in Arms  |       |       |       |       |       |     1 |     1 |       |       ||     2
 Abil: Evoke Blink       |       |       |       |       |       |    22 |     3 |    12 |     6 ||    43
       Evoke Invisibilit |       |       |       |       |       |     4 |    14 |     6 |     5 ||    29
       Breathe Fire      |       |       |       |       |       |     3 |     1 |       |       ||     4
       Turn Visible      |       |       |       |       |       |       |     4 |     1 |     4 ||     9
       Evoke Teleportati |       |       |       |       |       |       |       |     3 |     2 ||     5
       Evoke Flight      |       |       |       |       |       |       |       |       |     6 ||     6
       Evoke Teleport Co |       |       |       |       |       |       |       |       |     7 ||     7
Evoke: Wand              |       |       |     5 |     2 |    17 |    28 |    11 |     8 |    45 ||   116
       Deck              |       |       |       |     3 |     6 |       |     2 |       |    18 ||    29
       Rod               |       |       |       |       |       |     1 |     2 |       |       ||     3
       Lamp of fire      |       |       |       |       |       |       |     1 |     2 |     1 ||     4
       Sack of spiders   |       |       |       |       |       |       |       |       |     4 ||     4
  Use: Potion            |       |     5 |     4 |     1 |     3 |     7 |    13 |     9 |    35 ||    77
       Scroll            |       |       |    14 |    10 |    16 |    15 |    13 |     8 |   128 ||   204
 Stab: Sleeping          |     1 |       |    15 |    15 |    13 |    20 |    25 |    22 |    48 ||   159
       Distracted        |       |       |     1 |       |       |     2 |     7 |     8 |    22 ||    40
       Held in net/web   |       |       |     1 |       |     2 |     2 |     3 |     8 |     7 ||    23
       Petrified         |       |       |       |       |     2 |     1 |       |       |       ||     3
       Paralysed         |       |       |       |       |     1 |     9 |       |       |    10 ||    20
       Invisible         |       |       |       |       |       |    17 |   114 |    40 |     8 ||   179
       Petrifying        |       |       |       |       |       |    12 |       |       |       ||    12
       Confused          |       |       |       |       |       |     6 |     1 |       |    28 ||    35
  Eat: Chunk             |       |     3 |     1 |       |     2 |     6 |    20 |       |     6 ||    38
       Pizza             |       |     1 |     1 |     7 |     1 |     2 |     1 |     1 |     1 ||    15
       Fruit             |       |       |    14 |    14 |     7 |     4 |       |     6 |     1 ||    46
       Royal jelly       |       |       |     1 |       |       |       |       |     5 |     2 ||     8
       Beef jerky        |       |       |       |       |    10 |     2 |     1 |       |     4 ||    17
       Meat ration       |       |       |       |       |     4 |     9 |     6 |     3 |     7 ||    29
       Bread ration      |       |       |       |       |       |       |     2 |     2 |    12 ||    16
